[ AOE2 MATCH · #481038289 ]
UnrankedMagyars vs Khmer
[ REPLAY ANALYSIS · EXTRACTED FROM THE RECORDED GAME ]
Feudal
10:05
Castle
20:06
Imperial
33:28
| APM avg | 22.1 |
| APM peak | 69 |
| eAPM avg | 12.1 |
| Villagers / military | 117 / 217 |
Focus
⚔️ 27.1% · 🌾 72.9%
Magyar Huszar ×144 · Cavalry Archer ×50 · Skirmisher ×15 · Trade Cart ×8 · Scout Cavalry ×3 · Trebuchet (Packed) ×3
Feudal
11:56
Castle
15:39
Imperial
30:50
| APM avg | 23.2 |
| APM peak | 79 |
| eAPM avg | 16.5 |
| Villagers / military | 175 / 291 |
Focus
⚔️ 23.9% · 🌾 76.1%
Skirmisher ×107 · Scout Cavalry ×90 · Ballista Elephant ×89 · Trade Cart ×14 · Knight ×3 · Trebuchet (Packed) ×2
Feudal
10:03
Castle
13:59
Imperial
36:09
| APM avg | 21.7 |
| APM peak | 73 |
| eAPM avg | 16.0 |
| Villagers / military | 121 / 92 |
Focus
⚔️ 34.5% · 🌾 65.5%
Archer ×40 · Skirmisher ×38 · Unknown (1944) ×38 · Unknown (1959) ×16 · Spearman ×12 · Unknown (1942) ×12
Feudal
9:34
Castle
19:27
Imperial
38:04
| APM avg | 26.4 |
| APM peak | 80 |
| eAPM avg | 22.0 |
| Villagers / military | 180 / 320 |
Focus
⚔️ 41.7% · 🌾 58.3%
Spearman ×130 · Plumed Archer ×63 · Skirmisher ×47 · Archer ×44 · Mangonel ×21 · Scorpion ×10
Match map
Initial resources + every placement click. Lines = walls · curves = elevation contours. ◆ gold · ⬟ stone · ● berries · ✦ relic · ◌ wall gap
Your base· Open — unwalled flank
Sr_manquillo's base· Open — unwalled flank
LaPolitziaaa's base· Open — unwalled flank
rodrigolaramol96's base· ✓ Closed at 19:27 · 76t walls · no gate
Smoothed initial terrain · ◌ = detected wall gap · hover for details
Inputs per minute
— Aphelink - - Sr_manquillo
Build order — Aphelink
First 150 of 301 actions detected
| 0:01 | Create | Villager (Male) |
| 0:01 | Create | Villager (Male) |
| 0:03 | Build | House |
| 0:04 | Build | House |
| 0:54 | Create | Villager (Male) |
| 0:54 | Create | Villager (Male) |
| 1:27 | Create | Villager (Male) |
| 2:11 | Build | Lumber Camp |
| 2:26 | Create | Villager (Male) |
| 2:26 | Create | Villager (Male) |
| 2:59 | Create | Villager (Male) |
| 3:19 | Create | Villager (Male) |
| 3:34 | Build | House |
| 3:42 | Create | Villager (Male) |
| 4:18 | Create | Villager (Male) |
| 4:23 | Build | Mill |
| 4:42 | Build | House |
| 4:53 | Create | Villager (Male) |
| 5:13 | Create | Villager (Male) |
| 5:14 | Create | Villager (Male) |
| 6:01 | Create | Villager (Male) |
| 6:27 | Create | Villager (Male) |
| 6:58 | Create | Villager (Male) |
| 7:06 | Research | Loom |
| 7:55 | Research | Feudal Age |
| 8:12 | Build | Barracks |
| 8:50 | Build | House |
| 8:54 | Build | House |
| 9:24 | Create | Villager (Male) |
| 9:24 | Create | Villager (Male) |
| 10:05 | Age | Feudal Age |
| 10:08 | Create | Villager (Male) |
| 10:16 | Build | Stable |
| 10:55 | Build | House |
| 11:00 | Create | Villager (Male) |
| 11:05 | Build | Blacksmith |
| 11:30 | Build | Mining Camp |
| 11:34 | Build | Blacksmith |
| 11:46 | Create | Villager (Male) |
| 11:46 | Create | Villager (Male) |
| 11:48 | Create | Scout Cavalry |
| 11:48 | Create | Scout Cavalry |
| 11:49 | Create | Scout Cavalry |
| 12:00 | Build | Farm |
| 12:01 | Build | Farm |
| 12:15 | Build | Farm |
| 12:26 | Build | Palisade Wall |
| 12:42 | Build | Farm |
| 12:44 | Create | Villager (Male) |
| 12:44 | Create | Villager (Male) |
| 12:45 | Create | Villager (Male) |
| 13:16 | Build | Farm |
| 13:18 | Create | Villager (Male) |
| 13:27 | Research | Scale Barding Armor |
| 13:30 | Create | Villager (Male) |
| 13:35 | Build | Farm |
| 13:38 | Build | Farm |
| 13:40 | Build | Farm |
| 14:02 | Create | Villager (Male) ×5 |
| 14:31 | Build | Farm |
| 14:37 | Build | Farm |
| 14:38 | Build | Farm |
| 14:44 | Research | Double-Bit Axe |
| 14:46 | Research | Horse Collar |
| 14:55 | Research | Wheelbarrow |
| 15:01 | Build | House |
| 15:06 | Build | House |
| 15:08 | Build | House |
| 15:09 | Build | House |
| 15:20 | Build | Farm |
| 15:21 | Build | Farm |
| 15:25 | Build | Farm |
| 15:58 | Create | Villager (Male) |
| 16:06 | Build | House |
| 16:10 | Build | Farm |
| 16:11 | Build | Farm |
| 16:16 | Build | Farm |
| 16:29 | Create | Villager (Male) |
| 16:35 | Build | House |
| 16:42 | Build | Farm |
| 16:56 | Create | Villager (Male) |
| 17:06 | Build | Gate |
| 17:26 | Research | Castle Age |
| 17:30 | Build | Farm |
| 17:32 | Build | Farm |
| 17:39 | Build | House |
| 17:40 | Build | House |
| 17:42 | Build | House |
| 18:07 | Build | Archery Range |
| 18:15 | Research | Fletching |
| 18:16 | Research | Padded Archer Armor |
| 18:42 | Build | Palisade Wall |
| 20:02 | Create | Villager (Male) |
| 20:02 | Create | Villager (Male) |
| 20:02 | Create | Villager (Male) |
| 20:05 | Create | Skirmisher |
| 20:05 | Create | Skirmisher |
| 20:05 | Create | Skirmisher |
| 20:05 | Create | Skirmisher |
| 20:06 | Age | Castle Age |
| 20:06 | Create | Skirmisher |
| 20:09 | Research | Bodkin Arrow |
| 20:19 | Research | Bow Saw |
| 20:40 | Build | Town Center |
| 20:55 | Create | Villager (Male) |
| 21:21 | Build | Farm |
| 21:22 | Create | Villager (Male) |
| 21:24 | Create | Villager (Male) |
| 21:37 | Create | Villager (Male) |
| 21:38 | Create | Villager (Male) |
| 21:38 | Create | Villager (Male) |
| 21:38 | Create | Villager (Male) |
| 22:13 | Create | Villager (Male) |
| 22:14 | Create | Villager (Male) |
| 23:01 | Create | Villager (Male) |
| 23:01 | Create | Villager (Male) |
| 23:02 | Create | Villager (Male) |
| 23:02 | Create | Villager (Male) |
| 23:03 | Create | Villager (Male) |
| 23:03 | Create | Villager (Male) |
| 23:04 | Create | Villager (Male) |
| 23:10 | Build | Town Center |
| 23:13 | Create | Villager (Male) |
| 23:13 | Create | Villager (Male) |
| 23:17 | Create | Villager (Male) |
| 23:25 | Create | Villager (Male) |
| 23:49 | Create | Villager (Male) |
| 24:01 | Research | Elite Skirmisher (upgrade) |
| 24:13 | Create | Villager (Male) |
| 24:13 | Create | Villager (Male) |
| 24:14 | Create | Villager (Male) |
| 24:14 | Create | Villager (Male) |
| 24:14 | Create | Villager (Male) |
| 24:19 | Research | Heavy Plow |
| 24:33 | Research | Leather Archer Armor |
| 24:39 | Create | Skirmisher |
| 24:41 | Create | Villager (Male) |
| 24:48 | Create | Villager (Male) |
| 24:58 | Create | Villager (Male) ×5 |
| 25:04 | Build | Archery Range |
| 25:06 | Create | Skirmisher |
| 25:19 | Create | Villager (Male) |
| 25:19 | Create | Villager (Male) |
| 25:30 | Research | Gold Mining |
| 25:38 | Create | Villager (Male) ×5 |
| 25:46 | Build | Farm |
| 25:47 | Build | Farm |
| 25:48 | Build | Farm |
| 25:49 | Build | Farm |
| 25:52 | Build | Farm |
Build order — Sr_manquillo
First 150 of 478 actions detected
| 0:01 | Create | Villager (Male) |
| 0:01 | Create | Villager (Male) |
| 0:02 | Create | Villager (Male) |
| 0:04 | Build | House |
| 0:07 | Build | House |
| 0:13 | Create | Villager (Male) |
| 1:31 | Create | Villager (Male) |
| 2:01 | Create | Villager (Male) |
| 2:33 | Create | Villager (Male) |
| 2:52 | Build | Lumber Camp |
| 2:52 | Create | Villager (Male) |
| 3:05 | Research | Loom |
| 3:26 | Create | Villager (Male) |
| 3:44 | Create | Villager (Male) |
| 4:10 | Create | Villager (Male) |
| 4:20 | Build | House |
| 4:21 | Build | House |
| 4:23 | Build | House |
| 5:08 | Create | Villager (Male) |
| 5:08 | Create | Villager (Male) |
| 5:09 | Create | Villager (Male) |
| 5:20 | Build | Palisade Wall |
| 5:28 | Build | Palisade Gate |
| 6:14 | Build | Mill |
| 6:19 | Create | Villager (Male) |
| 6:19 | Create | Villager (Male) |
| 6:27 | Build | Palisade Wall |
| 6:43 | Create | Villager (Male) |
| 7:04 | Build | Mill |
| 7:24 | Create | Villager (Male) |
| 7:25 | Create | Villager (Male) |
| 7:34 | Build | Palisade Wall |
| 7:59 | Build | Palisade Gate |
| 8:03 | Build | Palisade Wall |
| 8:08 | Create | Villager (Male) |
| 8:49 | Create | Villager (Male) |
| 8:49 | Create | Villager (Male) |
| 9:02 | Build | Mining Camp |
| 9:23 | Research | Feudal Age |
| 9:55 | Build | Farm |
| 10:38 | Build | Farm |
| 11:17 | Build | Farm |
| 11:21 | Build | Farm |
| 11:38 | Build | Farm |
| 11:47 | Create | Villager (Male) |
| 11:48 | Create | Villager (Male) |
| 11:55 | Build | Farm |
| 11:56 | Age | Feudal Age |
| 12:05 | Build | Farm |
| 12:12 | Build | Farm |
| 12:26 | Build | Farm |
| 12:59 | Research | Castle Age |
| 13:19 | Research | Double-Bit Axe |
| 13:33 | Build | Mining Camp |
| 14:22 | Build | House |
| 14:26 | Build | House |
| 14:31 | Create | Villager (Male) |
| 14:32 | Create | Villager (Male) |
| 14:32 | Create | Villager (Male) |
| 14:41 | Research | Gold Mining |
| 15:37 | Build | Stone Wall |
| 15:39 | Age | Castle Age |
| 15:50 | Build | Town Center |
| 15:53 | Create | Villager (Male) |
| 15:56 | Create | Villager (Male) |
| 16:04 | Build | Gate |
| 16:15 | Build | Stone Wall |
| 16:40 | Build | Farm |
| 17:00 | Create | Villager (Male) |
| 17:00 | Create | Villager (Male) |
| 17:01 | Create | Villager (Male) |
| 17:01 | Create | Villager (Male) |
| 17:14 | Build | Stone Wall |
| 17:25 | Build | Stone Wall |
| 17:30 | Build | Palisade Wall |
| 17:47 | Create | Villager (Male) |
| 17:47 | Create | Villager (Male) |
| 17:48 | Create | Villager (Male) |
| 17:48 | Create | Villager (Male) |
| 17:48 | Create | Villager (Male) |
| 17:49 | Create | Villager (Male) |
| 18:00 | Build | Stone Wall |
| 18:09 | Build | Siege Workshop |
| 18:43 | Build | Castle |
| 19:53 | Build | Farm |
| 20:17 | Build | Stone Wall |
| 20:20 | Create | Villager (Male) |
| 20:20 | Create | Villager (Male) |
| 20:37 | Build | Gate |
| 20:51 | Create | Villager (Male) |
| 20:58 | Create | Villager (Male) |
| 21:06 | Build | Farm |
| 21:25 | Create | Villager (Male) |
| 21:30 | Build | Farm |
| 21:31 | Build | Farm |
| 21:31 | Build | Farm |
| 21:32 | Build | Farm |
| 21:32 | Build | Farm |
| 21:32 | Build | Farm |
| 21:33 | Build | Farm |
| 21:33 | Build | Farm |
| 21:34 | Build | Farm |
| 21:34 | Build | Farm |
| 21:50 | Build | Farm |
| 22:02 | Build | Farm |
| 22:05 | Create | Villager (Male) |
| 22:06 | Create | Villager (Male) |
| 22:22 | Build | Farm |
| 22:28 | Research | Horse Collar |
| 22:44 | Create | Villager (Male) |
| 22:45 | Create | Villager (Male) |
| 22:57 | Build | Farm |
| 23:11 | Build | Farm |
| 23:16 | Create | Villager (Male) |
| 23:17 | Create | Villager (Male) |
| 23:28 | Build | Farm |
| 23:29 | Build | Farm |
| 23:30 | Build | Farm |
| 23:31 | Build | Farm |
| 23:39 | Research | Bow Saw |
| 23:45 | Create | Villager (Male) |
| 23:51 | Build | Farm |
| 23:54 | Create | Villager (Male) |
| 24:07 | Create | Villager (Male) |
| 24:09 | Create | Villager (Male) |
| 24:16 | Build | Outpost |
| 24:20 | Create | Villager (Male) |
| 24:21 | Create | Villager (Male) |
| 24:30 | Build | Farm |
| 24:34 | Build | Farm |
| 24:34 | Build | Farm |
| 24:43 | Build | Farm |
| 24:44 | Build | Farm |
| 24:52 | Build | Outpost |
| 24:54 | Create | Villager (Male) |
| 24:57 | Create | Villager (Male) |
| 25:01 | Research | Wheelbarrow |
| 25:09 | Build | Farm |
| 25:19 | Build | Outpost |
| 25:21 | Create | Villager (Male) |
| 25:46 | Build | Outpost |
| 25:48 | Create | Villager (Male) |
| 25:49 | Create | Villager (Male) |
| 26:28 | Build | Town Center |
| 26:30 | Create | Villager (Male) |
| 26:31 | Create | Villager (Male) |
| 26:32 | Create | Villager (Male) |
| 26:33 | Create | Villager (Male) |
| 26:33 | Create | Villager (Male) |
| 26:33 | Create | Villager (Male) |
Build order — LaPolitziaaa
First 150 of 480 actions detected
| 0:01 | Create | Villager (Male) |
| 0:01 | Create | Villager (Male) |
| 0:01 | Create | Villager (Male) |
| 0:01 | Create | Villager (Male) |
| 0:03 | Build | House |
| 0:05 | Build | House |
| 1:39 | Create | Villager (Male) |
| 2:10 | Create | Villager (Male) |
| 2:22 | Build | Lumber Camp |
| 2:27 | Create | Villager (Male) |
| 3:08 | Create | Villager (Male) |
| 3:08 | Create | Villager (Male) |
| 3:20 | Create | Villager (Male) |
| 4:01 | Build | Mill |
| 4:05 | Create | Villager (Male) |
| 4:05 | Create | Villager (Male) |
| 4:40 | Build | House |
| 4:42 | Build | House |
| 4:52 | Create | Villager (Male) |
| 4:53 | Create | Villager (Male) |
| 5:12 | Build | House |
| 5:42 | Create | Villager (Male) |
| 5:43 | Create | Villager (Male) |
| 5:54 | Build | House |
| 5:58 | Create | Villager (Male) |
| 6:49 | Create | Villager (Male) |
| 6:52 | Create | Villager (Male) |
| 7:53 | Research | Feudal Age |
| 7:54 | Research | Loom |
| 8:51 | Create | Villager (Male) |
| 8:53 | Create | Villager (Male) |
| 10:03 | Age | Feudal Age |
| 10:07 | Build | Blacksmith |
| 10:10 | Build | Market |
| 11:19 | Research | Castle Age |
| 11:47 | Build | Mining Camp |
| 12:15 | Research | Double-Bit Axe |
| 13:29 | Build | Farm |
| 13:29 | Build | Farm |
| 13:29 | Build | Farm |
| 13:59 | Age | Castle Age |
| 14:02 | Build | Siege Workshop |
| 14:30 | Build | Siege Workshop |
| 14:43 | Create | Unit 1962 |
| 14:43 | Create | Unit 1962 |
| 14:44 | Create | Unit 1962 |
| 15:09 | Create | Unit 1962 |
| 15:38 | Create | Battering Ram |
| 15:42 | Create | Villager (Male) |
| 15:55 | Build | Farm |
| 16:22 | Create | Battering Ram |
| 16:34 | Build | Farm |
| 16:39 | Create | Villager (Male) |
| 17:12 | Create | Villager (Male) |
| 17:12 | Create | Villager (Male) |
| 17:21 | Build | House |
| 17:21 | Build | House |
| 17:21 | Build | House |
| 17:22 | Build | House |
| 17:22 | Build | House |
| 17:22 | Build | House |
| 17:23 | Build | House |
| 17:23 | Build | House |
| 18:03 | Create | Villager (Male) |
| 18:03 | Create | Villager (Male) |
| 18:03 | Create | Villager (Male) |
| 19:34 | Create | Villager (Male) |
| 19:34 | Create | Villager (Male) |
| 19:46 | Create | Villager (Male) |
| 19:50 | Build | Farm |
| 19:52 | Build | Farm |
| 19:55 | Build | Farm |
| 20:19 | Build | Town Center |
| 20:21 | Create | Villager (Male) |
| 20:22 | Create | Villager (Male) |
| 20:49 | Create | Villager (Male) |
| 21:07 | Build | Lumber Camp |
| 21:19 | Create | Villager (Male) |
| 21:44 | Build | Town Center |
| 21:52 | Create | Villager (Male) |
| 21:58 | Research | Horse Collar |
| 22:04 | Create | Villager (Male) |
| 22:04 | Create | Villager (Male) |
| 22:05 | Create | Villager (Male) |
| 22:13 | Create | Villager (Male) |
| 23:05 | Build | Town Center |
| 23:14 | Create | Villager (Male) |
| 23:14 | Create | Villager (Male) |
| 23:14 | Create | Villager (Male) |
| 23:15 | Create | Villager (Male) |
| 23:21 | Build | Farm |
| 23:39 | Create | Villager (Male) |
| 23:39 | Create | Villager (Male) |
| 23:40 | Create | Villager (Male) |
| 23:43 | Build | Farm |
| 23:57 | Build | Farm |
| 24:06 | Create | Villager (Male) |
| 24:11 | Build | Farm |
| 24:27 | Research | Fletching |
| 24:36 | Build | Farm |
| 24:46 | Create | Villager (Male) |
| 24:47 | Create | Villager (Male) |
| 24:47 | Create | Villager (Male) |
| 25:05 | Create | Villager (Male) |
| 25:06 | Create | Villager (Male) |
| 25:06 | Create | Villager (Male) |
| 25:17 | Build | Farm |
| 25:25 | Create | Villager (Male) |
| 25:26 | Create | Villager (Male) |
| 25:34 | Build | Farm |
| 25:37 | Create | Villager (Male) |
| 25:52 | Build | Farm |
| 25:56 | Build | Farm |
| 26:00 | Create | Villager (Male) |
| 26:00 | Create | Villager (Male) |
| 26:01 | Create | Villager (Male) |
| 26:01 | Create | Villager (Male) |
| 26:09 | Build | Farm |
| 26:12 | Create | Villager (Male) |
| 26:12 | Create | Villager (Male) |
| 26:29 | Build | Farm |
| 26:32 | Build | Farm |
| 26:36 | Build | Farm |
| 26:39 | Create | Villager (Male) |
| 26:39 | Create | Villager (Male) |
| 26:39 | Create | Villager (Male) |
| 26:44 | Build | Farm |
| 26:48 | Create | Villager (Male) |
| 26:49 | Create | Villager (Male) |
| 27:04 | Create | Villager (Male) |
| 27:05 | Create | Villager (Male) |
| 27:05 | Create | Villager (Male) |
| 27:09 | Build | Farm |
| 27:11 | Build | Farm |
| 27:18 | Create | Villager (Male) |
| 27:25 | Build | Farm |
| 27:30 | Create | Villager (Male) |
| 27:31 | Create | Villager (Male) |
| 27:31 | Create | Villager (Male) |
| 27:33 | Build | Farm |
| 27:48 | Build | Farm |
| 28:01 | Build | Farm |
| 28:05 | Build | Farm |
| 28:19 | Build | Farm |
| 28:21 | Create | Villager (Male) |
| 28:21 | Create | Villager (Male) |
| 28:21 | Create | Villager (Male) |
| 28:22 | Create | Villager (Male) |
| 28:22 | Create | Villager (Male) |
| 28:22 | Create | Villager (Male) |
Build order — rodrigolaramol96
First 150 of 699 actions detected
| 0:02 | Build | House |
| 0:04 | Build | House |
| 0:07 | Create | Villager (Male) |
| 0:07 | Create | Villager (Male) |
| 0:07 | Create | Villager (Male) |
| 1:24 | Create | Villager (Male) |
| 2:04 | Create | Villager (Male) |
| 2:18 | Create | Villager (Male) |
| 2:38 | Build | Lumber Camp |
| 2:40 | Create | Villager (Male) |
| 2:58 | Create | Villager (Male) |
| 3:33 | Build | House |
| 3:36 | Create | Villager (Male) |
| 3:56 | Create | Villager (Male) |
| 4:16 | Create | Villager (Male) |
| 4:16 | Create | Villager (Male) |
| 4:50 | Create | Villager (Male) |
| 5:09 | Create | Villager (Male) |
| 5:14 | Build | House |
| 6:23 | Create | Villager (Male) |
| 6:26 | Create | Villager (Male) |
| 6:53 | Build | Mill |
| 7:24 | Research | Feudal Age |
| 8:01 | Build | House |
| 8:02 | Build | House |
| 8:09 | Build | Mining Camp |
| 9:03 | Build | Barracks |
| 9:12 | Create | Villager (Male) |
| 9:15 | Create | Villager (Male) |
| 9:18 | Research | Loom |
| 9:34 | Age | Feudal Age |
| 9:48 | Build | Stone Wall |
| 9:52 | Create | Villager (Male) |
| 10:18 | Build | Archery Range |
| 10:20 | Create | Villager (Male) |
| 10:25 | Build | Farm |
| 10:29 | Research | Double-Bit Axe |
| 10:35 | Create | Villager (Male) |
| 10:51 | Create | Villager (Male) |
| 11:16 | Create | Villager (Male) |
| 11:42 | Research | Horse Collar |
| 11:48 | Build | Farm |
| 11:50 | Build | Farm |
| 11:52 | Create | Villager (Male) |
| 12:17 | Create | Villager (Male) |
| 12:38 | Create | Villager (Male) |
| 13:18 | Create | Archer |
| 13:19 | Create | Archer |
| 13:41 | Create | Spearman |
| 13:51 | Create | Spearman |
| 13:54 | Create | Villager (Male) |
| 13:55 | Create | Villager (Male) |
| 13:56 | Create | Villager (Male) |
| 13:56 | Create | Villager (Male) |
| 13:57 | Create | Villager (Male) |
| 14:25 | Create | Villager (Male) |
| 14:33 | Research | Wheelbarrow |
| 14:40 | Create | Archer |
| 14:49 | Build | House |
| 14:52 | Build | Blacksmith |
| 15:03 | Build | Market |
| 15:11 | Create | Archer |
| 15:24 | Build | House |
| 15:25 | Build | House |
| 15:25 | Build | House |
| 15:26 | Build | House |
| 15:54 | Build | Mining Camp |
| 16:15 | Build | Farm |
| 16:35 | Build | Farm |
| 16:37 | Research | Castle Age |
| 16:52 | Build | House |
| 17:24 | Build | House |
| 17:25 | Build | House |
| 17:26 | Build | House |
| 17:34 | Build | Lumber Camp |
| 17:39 | Research | Gold Mining |
| 17:58 | Build | Mining Camp |
| 18:35 | Create | Archer |
| 18:37 | Create | Archer |
| 18:37 | Create | Archer |
| 19:03 | Research | Stone Mining |
| 19:20 | Build | Stone Wall |
| 19:27 | Age | Castle Age |
| 19:52 | Build | Town Center |
| 19:59 | Create | Villager (Male) |
| 20:00 | Create | Villager (Male) |
| 20:01 | Create | Villager (Male) |
| 20:01 | Create | Villager (Male) |
| 20:20 | Build | Farm |
| 20:41 | Build | House |
| 20:42 | Build | House |
| 20:44 | Create | Villager (Male) |
| 20:58 | Build | Farm |
| 21:05 | Build | Farm |
| 21:10 | Build | Farm |
| 21:16 | Create | Villager (Male) |
| 21:17 | Create | Villager (Male) |
| 21:50 | Create | Villager (Male) |
| 22:00 | Create | Villager (Male) |
| 22:07 | Build | Town Center |
| 22:12 | Create | Villager (Male) |
| 22:16 | Build | House |
| 22:17 | Build | House |
| 22:36 | Create | Villager (Male) |
| 22:40 | Create | Villager (Male) |
| 22:50 | Create | Villager (Male) |
| 23:17 | Create | Villager (Male) |
| 23:21 | Build | Farm |
| 23:25 | Build | Farm |
| 23:29 | Create | Villager (Male) |
| 23:33 | Build | House |
| 23:33 | Build | House |
| 23:34 | Build | House |
| 23:46 | Build | Gate |
| 23:51 | Create | Villager (Male) |
| 23:58 | Build | Farm |
| 24:01 | Create | Villager (Male) |
| 24:12 | Create | Villager (Male) |
| 24:30 | Build | Farm |
| 24:32 | Create | Villager (Male) |
| 24:39 | Build | Farm |
| 24:42 | Build | Farm |
| 24:49 | Create | Villager (Male) |
| 24:56 | Build | Farm |
| 24:58 | Create | Villager (Male) |
| 25:03 | Build | Farm |
| 25:07 | Create | Villager (Male) |
| 25:11 | Create | Villager (Male) |
| 25:16 | Build | House |
| 25:17 | Build | House |
| 25:25 | Create | Villager (Male) |
| 25:38 | Create | Villager (Male) |
| 25:38 | Create | Villager (Male) |
| 25:50 | Create | Villager (Male) |
| 25:55 | Build | Farm |
| 25:59 | Build | Farm |
| 26:03 | Build | University |
| 26:05 | Create | Villager (Male) |
| 26:07 | Create | Villager (Male) |
| 26:12 | Create | Villager (Male) |
| 26:27 | Build | Monastery |
| 26:31 | Create | Villager (Male) |
| 26:32 | Create | Villager (Male) |
| 26:32 | Create | Villager (Male) |
| 26:40 | Build | Farm |
| 26:49 | Create | Villager (Male) |
| 26:50 | Create | Villager (Male) |
| 26:50 | Create | Villager (Male) |
| 27:04 | Create | Villager (Male) |
| 27:05 | Create | Villager (Male) |
Match timeline
| 5:20 | Sr_manquillo · wall_segment Palisade Wall x1 |
| 6:27 | Sr_manquillo · wall_segment Palisade Wall x5 |
| 7:34 | Sr_manquillo · wall_segment Palisade Wall x9 |
| 8:03 | Sr_manquillo · wall_segment Palisade Wall x5 |
| 8:12 | Aphelink · first_building Barracks |
| 9:03 | rodrigolaramol96 · first_building Barracks |
| 9:34 | rodrigolaramol96 · age_up feudal |
| 9:48 | rodrigolaramol96 · wall_segment Stone Wall x29 |
| 10:03 | LaPolitziaaa · age_up feudal |
| 10:05 | Aphelink · age_up feudal |
| 10:16 | Aphelink · first_building Stable |
| 10:18 | rodrigolaramol96 · first_building Archery Range |
| 11:16 | LaPolitziaaa · first_market_sell 100 stone |
| 11:56 | Sr_manquillo · age_up feudal |
| 12:26 | Aphelink · wall_segment Palisade Wall x1 |
| 13:59 | LaPolitziaaa · age_up castle |
| 14:02 | LaPolitziaaa · first_building Siege Workshop |
| 15:37 | Sr_manquillo · wall_segment Stone Wall x7 |
| 15:39 | Sr_manquillo · age_up castle |
| 16:15 | Sr_manquillo · wall_segment Stone Wall x5 |
| 17:14 | Sr_manquillo · wall_segment Stone Wall x7 |
| 17:25 | Sr_manquillo · wall_segment Stone Wall x11 |
| 17:30 | Sr_manquillo · wall_segment Palisade Wall x4 |
| 18:00 | Sr_manquillo · wall_segment Stone Wall x3 |
| 18:07 | Aphelink · first_building Archery Range |
| 18:09 | Sr_manquillo · first_building Siege Workshop |
| 18:42 | Aphelink · wall_segment Palisade Wall x4 |
| 18:43 | Sr_manquillo · first_building Castle |
| 19:20 | rodrigolaramol96 · wall_segment Stone Wall x47 |
| 19:27 | rodrigolaramol96 · age_up castle |
| 20:06 | Aphelink · age_up castle |
| 20:07 | LaPolitziaaa · first_market_buy 100 stone |
| 20:17 | Sr_manquillo · wall_segment Stone Wall x3 |
| 26:27 | rodrigolaramol96 · first_building Monastery |
| 28:40 | rodrigolaramol96 · wall_segment Stone Wall x3 |
| 28:52 | Aphelink · first_building Monastery |
| 30:14 | Aphelink · first_market_sell 500 wood |
| 30:33 | Aphelink · first_building Castle |
| 30:50 | Sr_manquillo · age_up imperial |
| 31:43 | Sr_manquillo · first_building Stable |
| 32:26 | LaPolitziaaa · first_building Monastery |
| 33:03 | rodrigolaramol96 · first_building Siege Workshop |
| 33:20 | LaPolitziaaa · first_building Castle |
| 33:21 | rodrigolaramol96 · first_building Castle |
| 33:28 | Aphelink · age_up imperial |
| 33:48 | LaPolitziaaa · first_building Barracks |
| 35:04 | LaPolitziaaa · first_building Archery Range |
| 36:09 | LaPolitziaaa · age_up imperial |
| 37:06 | Aphelink · wall_segment Stone Wall x5 |
| 38:04 | rodrigolaramol96 · age_up imperial |
| 40:34 | Sr_manquillo · first_building Archery Range |
| 41:15 | LaPolitziaaa · first_building Stable |
| 47:32 | rodrigolaramol96 · first_market_buy 100 stone |
| 53:27 | rodrigolaramol96 · resign |
[ AI ANALYSIS · 1 CREDIT ]
What really happened in this match?
Wolo.gg analyzes every decision: build order, eco, micro, common mistakes by bracket. Personalized analysis on WhatsApp or Discord in 30 seconds.
Civ guide
Magyars
Perfil
Jugador #4272913